doggo, chaotic male human Monk ----------- ---------- .........| |........| -- -..- -...###########.........| |. +..+ |..| |...<....| |. |..| |..| ---------- .n -+------|..| |..| .. |.|..|..|..-----..- --Y--.|(.|..|.........| - --iG&..-|-|..|.------..| |...)))f@...).-|--.+ |..| -- -- ----+--..%.).| |..| --+----- |..| +..| |..| -..| ..| ---- doggo the Novice Experience level: 5 Strength: 17 Dexterity: 12 Constitution: 13 Intelligence: 9 Wisdom: 15 Charisma: 10 Health: 0(45) Energy: 33(33) Def: 5 Gold: 0 Moves: 973 Dungeon seed: wrsNmclxz0pJQCH9 Game ID: doggo_1614668188 Your Inventory: Weapons k - 4 uncursed +0 shuriken (in quiver) L - an uncursed +0 dwarvish mattock (weapon in hands) Armor e - an uncursed +2 pair of leather gloves (being worn) n - an uncursed burnt +1 robe (being worn) Comestibles d - 5 uncursed food rations f - 6 uncursed apples g - 5 uncursed oranges h - 3 uncursed fortune cookies Scrolls I - 2 uncursed scrolls of identify P - an uncursed scroll of consecration Spellbooks a - a blessed spellbook of protection c - an uncursed spellbook of create monster B - an uncursed spellbook of create monster Q - an uncursed spellbook of healing R - an uncursed spellbook of force bolt S - an uncursed spellbook of blank paper T - an uncursed spellbook of magic missile Potions J - an uncursed potion of extra healing Wands i - an uncursed wand of enlightenment (1:0) o - a cursed wand of speed monster (0:4) v - an uncursed wand of light (0:11) C - an uncursed wand of magic missile (0:3) U - an uncursed wand of opening (0:6) Tools j - an uncursed oil lamp (0:1393) M - an uncursed fire horn (0:6) Spells and supernatural/magical abilities: Name Level Category Fail Memory p - protection 1 clerical 0% 96% O - create monster 2 clerical 88% 100% W - pray for help -- divine ? -- Your skills at the end: Miscellaneous Skills martial arts [Basic] wands [Basic] Weapon Skills shuriken [Basic] Spellcasting Skills healing spells [Basic] Final Attributes: You were devoutly aligned. You were sleep resistant. You were poison resistant. You saw invisible. You were somewhat stealthy. You were fast. You are dead. Vanquished creatures: a rock piercer 3 gnome lords a gnomish wizard a guardian naga hatchling 6 dwarves 3 iguanas 2 monkeys a werejackal 2 hobbits 15 gnomes 2 jackals a kobold 3 newts a bat a lichen 2 kobold zombies 45 creatures vanquished. Voluntary challenges: You did not adorn yourself with jewelry or accessories. You did not cause conflict. You were not invisible. You did not have reflection. You were not displaced. You were an atheist. You never hit with a wielded weapon. You did not apply a unicorn horn. You did not use plumbed fixtures. You read items or engraved 9 times, starting on turn 110. You never genocided any monsters. You never polymorphed an object. You never changed form. You used 1 wish, starting on turn 973. You did not wish for any artifacts. You never split a pudding. You never wrote Elbereth's name. You violated your moral code, losing 5 points of alignment, starting on turn 283. Dungeon overview: The Dungeons of Doom: levels 1 to 3 Level 1 a fountain a long staircase Level 2 Level 3 a fountain stairs to The Gnomish Mines The Gnomish Mines: levels 4 to 6 Level 4 stairs to The Dungeons of Doom Level 5 Level 6 <- You were here a magic chest, a fountain History has recorded: On T:1 you entered the Dungeons of Doom to retrieve the Amulet of Yendor! On T:81 you reached level 2 of The Dungeons of Doom. On T:347 you reached level 3 of The Dungeons of Doom. On T:384 you advanced to experience level 2. On T:412 you reached level 1 of The Gnomish Mines. On T:497 you advanced to experience level 3. On T:508 you advanced to experience level 4. On T:523 you reached level 2 of The Gnomish Mines. On T:673 you advanced to experience level 5. On T:711 you reached level 3 of The Gnomish Mines. On T:947 you opened a magic chest. On T:973 you wished for "". Score breakdown: Gold: 0 ( 0 points) Experience: 5 levels ( 400 points) Exploration: 6 levels ( 150 points) Discoveries: 18 items ( 900 points) Variety of kills: 16 monsters ( 800 points) Major goal: (nothing yet) ( 0 points) Survival: died (score multiplied by 3) Total score: 6750 Latest messages: "You disturbed me, fool!" Please move the cursor to an unknown object. Done. You feel better. The djinni drinks an orange potion! The djinni is suddenly moving faster. The kitten bites! The gnome punches you! The djinni punches you! The kitten bites! In a cloud of smoke, a djinni emerges! The djinni speaks. "I am in your debt. I will grant one wish!" You may wish for an object. c - a spellbook of create monster. The djinni punches you! You die... Final status: Goodbye doggo the Monk, killed by a djinni... You died in The Gnomish Mines on dungeon level 6 with 6750 points, and 0 pieces of gold, after 973 moves. You were level 5 with a maximum of 45 hit points when you died.